 Dungeon Crawl Stone Soup version 0.30.1-4-g462c640d31 (webtiles) character file.

Game seed: 4471311239807890283

9988 Babbit the Cleaver (level 11, -1/101 HPs)
             Began as a Minotaur Fighter on Sept 14, 2023.
             Was a High Priest of Okawaru.
             Slain by a vampire (9 damage)
             ... on level 11 of the Dungeon on Sept 15, 2023.
             The game lasted 00:51:22 (9464 turns).

Babbit the Cleaver (Minotaur Fighter)               Turns: 9464, Time: 00:51:23

Health: -1/101     AC: 16    Str: 25    XL:     11   Next: 30%
Magic:  0/10       EV: 13    Int: 24    God:    Okawaru [*****.]
Gold:   251        SH:  5    Dex: 10    Spells: 10/10 levels left

rFire   + . .        a - +0 war axe
rCold   + . .        c - +0 buckler
rNeg    . . .        G - +3 acid dragon scales "Bodd" {Regen+ rCorr Int+7 Stlth-}
rPois   +            (helmet restricted)
rElec   +            A - +1 cloak
rCorr   +            l - +1 pair of gloves
SInv    .            (no boots)
Will    .....        N - amulet of guardian spirit Stlth
                     j - +6 ring of intelligence
HPRegen 1.16/turn    M - +6 ring of intelligence
MPRegen 0.12/turn

%: guardian spirit
@: resistant
A: horns 2, retaliatory headbutt
a: Renounce Religion, Heroism, Finesse, Duel


You were on level 11 of the Dungeon.
You worshipped Okawaru.
Okawaru was extremely pleased with you.
You visited 2 branches of the dungeon, and saw 12 of its levels.
You also visited: Ossuary.

You collected 603 gold pieces.
You spent 352 gold pieces at shops.

Inventory:

Hand Weapons
 a - a +0 war axe (weapon)
 p - the +10 rapier "Ochidotuno" {heavy, rC+}
   (You found it on level 9 of the Dungeon)

   rC:        It protects you from cold.
 I - a +1 whip of flaming
Missiles
 f - 3 throwing nets
 J - 3 boomerangs
Armour
 c - a +0 buckler (worn)
 l - a +1 pair of gloves (worn)
 y - a +0 ring mail of willpower
 A - a +1 cloak (worn)
 G - the +3 acid dragon scales "Bodd" (worn) {Regen+ rCorr Int+7 Stlth-}
   (You found it on level 6 of the Dungeon)

   Int:       It affects your intelligence (+7).
   Regen:     It increases your rate of health regeneration.
   rCorr:     It protects you from acid and corrosion.
   Stlth:     It makes you less stealthy.
Jewellery
 j - a +6 ring of intelligence (left hand)
 k - a ring of resist corrosion
 M - a +6 ring of intelligence (right hand)
 N - an amulet of guardian spirit (around neck)
Wands
 g - a wand of flame (29)
 h - a wand of iceblast (27)
 x - a wand of polymorph (11)
Scrolls
 b - a scroll of magic mapping
 e - a scroll of fear
 q - a scroll of amnesia {unknown}
 r - a scroll of fog
 B - 2 scrolls of teleportation
 F - 3 scrolls of poison
 H - a scroll of summoning {unknown}
 K - a scroll of vulnerability {unknown}
Potions
 d - 3 potions of might
 i - a potion of cancellation
 n - 8 potions of lignification
 o - 3 potions of resistance
 s - 5 potions of haste
 t - 2 potions of berserk rage
 v - 3 potions of ambrosia
 w - 5 potions of flight
 z - a potion of curing
Miscellaneous
 u - a piece from Xom's chessboard (15/15)


   Skills:
 + Level 10.4 Fighting
 + Level 13.9 Axes
 + Level 0.7 Throwing
 + Level 8.8 Armour
 + Level 6.3 Dodging
 + Level 2.4 Stealth
 + Level 7.3 Shields
 + Level 0.1 Invocations
 + Level 1.1 Evocations


You had 10 spell levels left.
You didn't know any spells.
Your spell library contained the following spells:

 Spells                   Type           Power      Damage    Failure   Level
 Magic Dart               Conj           0%         1d3       21%         1
 Ensorcelled Hibernation  Hex/Ice        0%         N/A       30%         2
 Passwall                 Tmut/Erth      0%         N/A       30%         2
 Static Discharge         Conj/Air       0%         2-2/arc   30%         2
 Mephitic Cloud           Conj/Pois/Air  0%         N/A       52%         3
 Portal Projectile        Hex/Tloc       0%         N/A       52%         3
 Swiftness                Air            0%         N/A       52%         3
 Airstrike                Air            0%         2d(0-16)  89%         4
 Leda's Liquefaction      Hex/Erth       0%         N/A       89%         4
 Passage of Golubria      Tloc           0%         N/A       89%         4
 Silence                  Hex/Air        0%         N/A       99%         5
 Lehudib's Crystal Spear  Conj/Erth      0%         10d2      100%        8
 Call Imp                 Summ           Unusable   N/A       N/A         2
 Call Canine Familiar     Summ           Unusable   N/A       N/A         3
 Summon Lightning Spire   Summ/Air       Unusable   N/A       N/A         4

Dungeon Overview and Level Annotations

Branches:
Dungeon (11/15)            Temple (1/1) D:5            Lair (0/5) D:9
    Orc (0/2) D:11        Ossuary (visited)

Altars:
Dithmenos
Elyvilon
Gozag
Hepliaklqana
Kikubaaqudgha
Okawaru
Qazlal
Ru
Sif Muna
Trog
Uskayaw
Vehumet
Yredelemnul
Zin

Shops:
D:9 *   D:11 ?[(

Annotations:
D:11 Erica


Innate Abilities, Weirdness & Mutations

You have a pair of horns on your head.
You reflexively headbutt those who attack you in melee.


Message History

You block the vampire mosquito's attack.
The vampire mosquito barely misses you.
The vampire mosquito closely misses you.
You furiously retaliate!
You headbutt the vampire mosquito!
You destroy the vampire mosquito!
Okawaru accepts your kill.
You hear some strange, mumbled words.
A lance of force appears from out of thin air!
The lance of force hits you!!
* * * LOW HITPOINT WARNING * * *
You are knocked back by the lance of force.
You collide with the vampire mosquito!
The vampire mosquito is severely damaged.
Something hits you but does no damage. Something bites you but does no damage.
The vampire mosquito bites you but does no damage.
The vampire mosquito bites you!
* * * LOW HITPOINT WARNING * * *
The vampire mosquito draws strength from your injuries!
The vampire mosquito bites you but does no damage.
Something hits you.
* * * LOW HITPOINT WARNING * * *
Something burns you.
* * * LOW HITPOINT WARNING * * *
Something hits you!
* * * LOW HITPOINT WARNING * * *
Something barely misses you.
You see here a vampire mosquito corpse.
You hit something.
You completely miss the vampire mosquito.
You miss the vampire mosquito. You miss something.
The vampire mosquito bites you but does no damage.
The vampire mosquito bites you.
* * * LOW HITPOINT WARNING * * *
The vampire mosquito draws strength from your injuries!
The vampire mosquito bites you but does no damage.
You feel protected.
The vampire mosquito bites you but does no damage.
The vampire mosquito closely misses you.
Something hits you!
You die...

...# ... .#.... .
..## # ...##..
..# #..#... ..#
##..... ###
####.......
#.#).......
#y[........
#yy........
#######@{........
.#.#
.......{T........
...#
.................
..##
....^..#.....$..#
...#
.................
...#
....###.........
...# ....
#........ ...#
.... .........
...#+++#....
.......


You could see a troll and 3 vampire mosquitoes.

Vanquished Creatures
  Harold (D:10)
  2 two-headed ogres
  Urug (D:10)
  Pikel (D:6)
  A manticore (D:11)
  An unseen horror (D:11)
  A kobold demonologist (D:11)
  A troll (D:11)
  The ghost of nonceun the Cleaver, an amateur MiBe of Trog (D:5)
  A hornet (D:9)
  Prince Ribbit (D:5)
  A vampire (D:11)
  A shadow (D:11)
  A wyvern (D:8)
  A vampire mosquito (D:11)
  Menkaure (D:5)
  Edmund (D:5)
  A water moccasin (D:7)
  2 ice beasts
  A black bear (D:6)
  A sky beast (D:7)
  3 orc warriors
  2 ogres
  4 centaurs
  A lemure (D:6)
  4 bullfrogs
  A kobold brigand (D:5)
  Blork the orc (D:5)
  4 scorpions
  4 wights (D:8)
  20 killer bees
  6 electric eels (D:7)
  5 howler monkeys
  5 hounds
  2 jellies
  12 orc priests
  Crazy Yiuf (D:5)
  2 sleepcaps
  2 gnoll boudas
  2 iguanas (D:6)
  7 orc wizards
  2 mummies (Ossuary)
  10 adders
  11 gnolls
  2 shadow imps (D:6)
  A white imp (D:6)
  An ufetubus (D:5)
  8 adder zombies (Ossuary)
  2 worms (D:3)
  2 dart slugs
  31 orcs
  6 endoplasms
  A giant cockroach (D:1)
  3 gnoll zombies (Ossuary)
  5 goblins
  6 hobgoblins
  4 quokkas
  3 ball pythons
  4 bats
  2 frilled lizards
  3 hobgoblin zombies (Ossuary)
  10 kobolds
  5 kobold zombies (Ossuary)
  3 orc zombies (Ossuary)
  9 rats
245 creatures vanquished.

Notes
Turn   | Place    | Note
-------+----------+-------------------------------------------
     0 | D:1      | Babbit the Minotaur Fighter began the quest for the Orb.
     0 | D:1      | Reached XP level 1. HP: 19/19 MP: 0/0
   210 | D:1      | Reached XP level 2. HP: 27/27 MP: 1/1
   892 | D:2      | Reached skill level 3 in Axes
   892 | D:2      | Reached XP level 3. HP: 30/33 MP: 2/2
  1254 | D:2      | Reached XP level 4. HP: 40/40 MP: 3/3
  1687 | D:3      | Reached skill level 4 in Axes
  1789 | D:3      | Reached XP level 5. HP: 36/47 MP: 4/4
  2303 | D:4      | Found a sacrificial altar of Ru.
  2304 | D:4      | Found a basalt altar of Yredelemnul.
  2306 | D:4      | Found a hide-covered altar of Uskayaw.
  2480 | D:4      | Reached skill level 5 in Axes
  2707 | D:4      | Noticed an ogre
  2715 | D:4      | Killed an ogre
  2716 | D:4      | Reached skill level 5 in Fighting
  2716 | D:4      | Reached skill level 5 in Armour
  2716 | D:4      | Reached XP level 6. HP: 5/56 MP: 5/5
  2828 | D:4      | Reached skill level 1 in Dodging
  3216 | D:5      | Entered Level 5 of the Dungeon
  3219 | D:5      | Noticed Menkaure
  3226 | D:5      | Killed Menkaure
  3227 | D:5      | Reached skill level 6 in Axes
  3330 | D:5      | Reached XP level 7. HP: 45/61 MP: 6/6
  3470 | D:5      | Found a staircase to the Ecumenical Temple.
  3482 | Temple   | Entered the Ecumenical Temple
  3488 | Temple   | Became a worshipper of Warmaster Okawaru
  3519 | D:5      | Reached skill level 7 in Axes
  3703 | D:5      | Found a runed translucent gate.
  3703 | D:5      | Found a runed translucent gate.
  3705 | D:5      | Found a runed translucent gate.
  3706 | D:5      | Noticed nonceun's ghost (amateur MiBe)
  3715 | D:5      | Found a sand-covered staircase.
  3767 | Ossuary  | Entered an ossuary
  3978 | D:5      | Killed nonceun's ghost
  3978 | D:5      | Reached * piety under Okawaru
  3979 | D:5      | Reached skill level 8 in Axes
  3979 | D:5      | Reached XP level 8. HP: 14/70 MP: 7/7
  4315 | D:5      | Noticed Blork the orc
  4323 | D:5      | Killed Blork the orc
  4494 | D:5      | Noticed Prince Ribbit
  4521 | D:5      | Killed Prince Ribbit
  4522 | D:5      | Reached skill level 9 in Axes
  4522 | D:5      | Reached skill level 5 in Shields
  4716 | D:5      | Noticed Edmund
  4729 | D:5      | Killed Edmund
  4911 | D:5      | Found a runed translucent door.
  4912 | D:5      | Noticed Crazy Yiuf
  4917 | D:5      | Killed Crazy Yiuf
  5316 | D:6      | Identified the +3 acid dragon scales "Bodd" {Regen+ rCorr
                  | Int+7 Stlth-}
  5376 | D:6      | Found a white marble altar of Elyvilon.
  5379 | D:6      | Noticed a two-headed ogre
  5386 | D:6      | Killed a two-headed ogre
  5386 | D:6      | Reached ** piety under Okawaru
  5387 | D:6      | Reached skill level 10 in Axes
  5387 | D:6      | Reached XP level 9. HP: 56/79 MP: 8/8
  5463 | D:6      | Noticed Pikel
  5471 | D:6      | Killed Pikel
  5471 | D:6      | Reached *** piety under Okawaru
  5472 | D:6      | Reached skill level 11 in Axes
  5472 | D:6      | Reached skill level 1 in Stealth
  6600 | D:7      | HP: 4/82 [electric eel/bolt of electricity (14)]
  6811 | D:8      | Reached XP level 10. HP: 85/90 MP: 9/9
  6851 | D:8      | Reached skill level 12 in Axes
  6897 | D:8      | Reached **** piety under Okawaru
  7832 | D:9      | Found a shimmering blue altar of Sif Muna.
  7888 | D:9      | Found Boakeive's Neck Hole.
  7896 | D:9      | Bought an amulet of guardian spirit for 330 gold pieces
  8117 | D:9      | Reached skill level 5 in Dodging
  8283 | D:9      | Found a staircase to the Lair.
  8297 | D:9      | Identified the +10 rapier "Ochidotuno" {heavy, rC+}
  8349 | D:9      | Reached skill level 13 in Axes
  8602 | D:10     | Entered Level 10 of the Dungeon
  8654 | D:10     | Reached ***** piety under Okawaru
  8705 | D:10     | Noticed Harold
  8716 | D:10     | Killed Harold
  8717 | D:10     | Reached skill level 10 in Fighting
  8930 | D:10     | Noticed Urug
  8941 | D:10     | Killed Urug
  8942 | D:10     | Reached XP level 11. HP: 49/99 MP: 3/10
  9068 | D:10     | Found a hazy altar of Hepliaklqana.
  9073 | D:10     | Found an opulent altar of Gozag.
  9152 | D:11     | Found a staircase to the Orcish Mines.
  9287 | D:11     | Found Dacop's Magic Scroll Shoppe.
  9305 | D:11     | Bought a scroll of identify for 22 gold pieces
  9326 | D:11     | Found Yduf's Antique Armour Shop.
  9329 | D:11     | Found Doegekho's Weapon Boutique.
  9353 | D:11     | Noticed a soul eater
  9363 | D:11     | Received a gift from Okawaru
  9364 | D:11     | Noticed Erica
  9366 | D:11     | HP: 1/97 [rock wall collision (9)]
  9410 | D:11     | Noticed a two-headed ogre
  9414 | D:11     | Killed a two-headed ogre
  9415 | D:11     | Reached skill level 1 in Evocations
  9464 | D:11     | Slain by a vampire

Illustrated notes

Levels and vault maps discovered:
D:1:      amcnicky_arrival_flooded_fountain, layout_loops_ring
D:2:      layout_loops_corners
D:3:      layout_basic
D:4:      layout_basic, chequers_temple_overflow_statue_of_worship,
          serial_glass, glass_columns_c, glass_columns_b, minmay_cupped
D:5:      layout_loops_ring, minmay_temple_entry_tees,
          nicolae_ossuary_entry_ruins, gammafunk_ghost_nasty_kobolds,
          grunt_decor_one_mirror, uniq_blork_the_orc, uniq_menkaure,
          uniq_edmund, uniq_prince_ribbit1, uniq_crazy_yiuf_cottage
D:6:      nicolae_cairo_tiling_large, layout_gridville,
          mainiacjoe_overflow_alcove_1, uniq_pikel
D:7:      layout_loops_ring, serial_bayou, serial_bayou_crossing,
          serial_bayou_shore_b, serial_bayou_lake_a, serial_bayou_lagoon_a
D:8:      layout_basic, minivault_22
D:9:      layout_basic, led_sif_pool, lair_entry_dummy,
          nicolae_shop_sticking_my_neck_out
D:10:     layout_cave_pools, mainiacjoe_overflow_big_doors, uniq_urug,
          uniq_harold
D:11:     layout_cave_pools, orc_0_dummy, serial_shops, nicolae_shop_trees,
          nicolae_lakefront_shop, shop, shop, shop, kennysheep_cross_bottleneck,
          minmay_fractal_squares_5, uniq_fannar, uniq_erica
Temple:   nicolae_temple_bog_church

Skill      XL: |  1  2  3  4  5  6  7  8  9 10 11 |
---------------+----------------------------------+-----
Fighting       | 4 5 6 7 8 10 | 10.4
Axes           | 3 4 5 6 8 10 11 13 | 13.9
Armour         | 4 5 6 7 8 |  8.8
Shields        | 4 5 6 7 |  7.3
Dodging        | 1 2 3 4 5 6 |  6.3
Stealth        | 1 2 |  2.4
Evocations     | 1 |  1.1
Throwing       | |  0.7
Invocations    | |  0.1

Action                     |  1- 3 |  4- 6 |  7- 9 | 10-12 || total
---------------------------+-------+-------+-------+-------++-------
  Melee: War axe           |    58 |   105 |   279 |   289 ||   731
         Headbutt          |     6 |    17 |    56 |    48 ||   127
  Throw: Boomerang         |       |       |       |     8 ||     8
 Invoke: Heroism           |       |       |       |     1 ||     1
  Evoke: Wand              |       |       |     1 |    13 ||    14
    Use: Scroll            |     1 |     6 |     8 |    10 ||    25
         Potion            |       |       |     4 |     2 ||     6
 Armour: Scale mail        |    23 |    52 |    10 |       ||    85
         Ring mail         |       |       |    42 |       ||    42
         Acid dragon scale |       |       |    30 |   198 ||   228
  Dodge: Dodged            |    26 |    41 |   122 |   217 ||   406
  Block: Buckler           |    18 |    17 |    55 |    72 ||   162
